AoeStats
← 8

Arena

510225390Analyzed
4v4 RM · 3d ago on Sep 30, 2026· 38m 1s· 8 players
Game mode
Random Map
Map size
Large (8 player)
Population
200
Speed
Normal
Resources
Standard
Victory
Conquest
Starting age
Dark Age
Ending age
Imperial Age
RankedLock teamsTeams togetherTeam positionsShared explorationLock speedFull tech treeHidden civsTurbo modeCheats
Victory
Defeat
🇦🇷 Danes · Argentina
1226
+17
🇦🇷 Burgundians · Argentina
1204
+18
🇦🇷 Franks · Argentina
1200
+18
🇦🇷 Khmer · Argentina
1132
+20
🇲🇽 Cumans · Mexico
1296
-21
🇺🇸 Khmer · United States
1288
-20
🇺🇸 Dravidians · United States
1242
-18
🇮🇳 Persians · India
1141
-14
HK El Primo
9:12 Feudal Age
10:23 Horse Collar
12:17 Double-Bit Axe
16:28 Loom
18:09 Loom
20:45 Castle Age
22:14 Forging
33:51 Castle Age
Ra
10:17 Feudal Age
10:47 Loom
13:30 Castle Age
11:52 Double-Bit Axe
12:23 Horse Collar
17:07 Bloodlines
18:31 Scale Barding Armor
23:20 Wheelbarrow
27:17 Imperial Age
8
10:48 Feudal Age
14:32 Castle Age
13:10 Double-Bit Axe
15:22 Fletching
17:44 Crossbowman
23:20 Bow Saw
23:09 Gold Mining
25:02 Wheelbarrow
26:06 Loom
28:27 Bodkin Arrow
31:41 Ballistics
34:48 Imperial Age
33:57 Thumb Ring
36:54 Chemistry
36:21 Bracer
36:43 Arbalester
dipsh*t
10:36 Feudal Age
15:14 Castle Age
13:23 Horse Collar
13:30 Double-Bit Axe
16:11 Bow Saw
20:16 Scale Barding Armor
20:15 Loom
22:42 Wheelbarrow
24:07 Bloodlines
25:42 Husbandry
27:08 Man-at-Arms
29:00 Hand Cart
28:57 Heavy Plow
33:54 Imperial Age
31:37 Forging
31:59 Chain Barding Armor
33:10 Iron Casting
35:43 Blast Furnace
35:18 Plate Barding Armor
35:27 Squires
35:12 Arson
34:48 Pikeman
34:51 Cavalier
35:35 Heavy Scorpion
37:17 Gold Mining
37:57 Fletching
38:07 Padded Archer Armor
37:30 Halberdier
alanthekat
8:38 Loom
10:28 Feudal Age
14:18 Castle Age
12:22 Double-Bit Axe
13:08 Horse Collar
15:54 Heavy Plow
27:45 Imperial Age
25:32 Scale Barding Armor
25:38 Forging
27:16 Chain Barding Armor
27:05 Husbandry
26:44 Cavalier
30:27 Chemistry
30:05 Plate Barding Armor
31:55 Iron Casting
30:55 Paladin
37:44 Blast Furnace
Sir Monkey
10:52 Feudal Age
14:59 Castle Age
13:31 Double-Bit Axe
30:49 Horse Collar
34:03 Heavy Plow
39:21 Imperial Age
37:31 Wheelbarrow
36:43 Town Watch
Nanox
10:46 Feudal Age
15:01 Castle Age
14:41 Scale Barding Armor
15:02 Town Watch
16:19 Forging
17:18 Chain Barding Armor
17:00 Gold Mining
30:19 Iron Casting
32:47 Scale Mail Armor
33:31 Squires
32:55 Pikeman
34:42 Wheelbarrow
35:09 Chain Mail Armor
34:49 Double-Bit Axe
pato350z
10:28 Feudal Age
14:13 Castle Age
12:46 Double-Bit Axe
14:20 Horse Collar
30:43 Imperial Age
29:01 Stone Mining
29:49 Wheelbarrow
29:01 Town Watch
29:02 Loom
29:47 Heavy Plow
30:12 Scale Mail Armor
31:59 Chain Mail Armor
32:05 Conscription
32:42 Forging
33:00 Onager
34:23 Plate Mail Armor
33:17 Pikeman
33:58 Squires
35:57 Siege Onager
37:10 Arson
38:25 Siege Engineers
Connection lost

Rejoining the realm…

Still unreachable

The connection could not be restored.

Session expired

The server has moved on; the page needs a fresh start.